AoeStats
← ryu

Glade

510697246Analyzed
1v1 RM · 1d ago on Oct 2, 2026· 39m 58s· 2 players
Game mode
Random Map
Map size
Tiny (2 player)
Population
200
Speed
Normal
Resources
Standard
Victory
Conquest
Starting age
Dark Age
Ending age
Imperial Age
RankedLock teamsTeams togetherTeam positionsShared explorationLock speedFull tech treeHidden civsTurbo modeCheats
Victory
Defeat
🇺🇸 Japanese · United States
1334
+16
🇦🇷 Mongols · Argentina
1331
-16
Cavegol
6:28 Loom
9:54 Feudal Age
10:22 Double-Bit Axe
10:20 Horse Collar
12:41 Wheelbarrow
18:39 Castle Age
17:38 Fletching
17:57 Padded Archer Armor
19:37 Bow Saw
23:29 Heavy Plow
29:25 Imperial Age
27:47 Bodkin Arrow
28:34 Leather Archer Armor
29:06 Gold Mining
29:15 Stone Mining
31:17 Town Watch
33:42 Bracer
36:08 Scale Barding Armor
36:14 Forging
35:42 Light Cavalry
36:32 Bloodlines
36:23 Husbandry
36:32 Hussar
40:10 Hand Cart
39:55 Town Patrol
ryu
9:09 Feudal Age
9:10 Man-at-Arms
10:51 Loom
11:08 Double-Bit Axe
18:29 Castle Age
19:26 Bow Saw
19:26 Horse Collar
21:45 Wheelbarrow
29:12 Imperial Age
28:05 Wheelbarrow
27:57 Gold Mining
28:59 Ballistics
29:54 Hand Cart
33:37 Padded Archer Armor
33:45 Elite Skirmisher
34:40 Fletching
35:05 Leather Archer Armor
36:29 Chemistry
35:55 Conscription
35:49 Bodkin Arrow
37:04 Two-Man Saw
37:10 Kataparuto
37:26 Bracer
37:06 Pikeman
39:12 Ring Archer Armor
38:54 Scale Mail Armor
Connection lost

Rejoining the realm…

Still unreachable

The connection could not be restored.

Session expired

The server has moved on; the page needs a fresh start.